 Dungeon Crawl Stone Soup version 0.29.0-4-gdea44cf6ec (webtiles) character file.

Game seed: 18086629424398235598

35 qw the Chopper (level 3, -3/29 HPs)
             Began as a Barachi Chaos Knight on Sept 6, 2022.
             Slain by an adder (4 damage)
             ... on level 2 of the Dungeon.
             The game lasted 00:00:42 (1575 turns).

qw the Chopper (Barachi Chaos Knight)               Turns: 1575, Time: 00:00:43

Health: -3/29      AC:  5    Str: 15    XL:     3   Next: 35%
Magic:  3/3        EV: 11    Int: 12    God:
Gold:   98         SH:  0    Dex: 11    Spells: 2/2 levels left

rFire   . . .      SeeInvis .   Y - +1 hand axe (chaos)
rCold   . . .      Faith    .   (no shield)
rNeg    . . .      Spirit   .   b - +2 leather armour
rPois   .          Reflect  .   (no helmet)
rElec   .          Harm     .   (no cloak)
rCorr   .          Rampage  .   (no gloves)
Will    .....                   (no boots)
Stlth   +.........              (no amulet)
HPRegen 0.09/turn               (no ring)
MPRegen 0.08/turn               (no ring)

@: slow
A: amphibious, slowness 1, strong legs 1, +LOS
a: Hop


You were on level 2 of the Dungeon.
You visited 1 branch of the dungeon, and saw 2 of its levels.

You collected 98 gold pieces.


Innate Abilities, Weirdness & Mutations

You are amphibious.
You cover ground slowly.
You can hop short distances.
You have an extended range of vision and can be seen from far away.


   Skills:
 - Level 3.6 Fighting
 + Level 4.8 Axes
 - Level 2.4 Armour
 - Level 1.1 Dodging


You had 2 spell levels left.
You didn't know any spells.
Your spell library was empty.

Inventory:

Hand Weapons
 e - a +0 club
 Y - a +1 hand axe of chaos (weapon)
Armour
 b - a +2 leather armour (worn)
Scrolls
 h - a scroll of vulnerability {unknown}
Potions
 a - a potion of flight {unknown}
 d - a potion of curing {unknown}
 f - a potion of mutation {unknown}
 g - a potion of degeneration {unknown}
 j - a potion of haste {unknown}
Miscellaneous
 c - a piece from Xom's chessboard (15/15)

Dungeon Overview and Level Annotations

Branches:
Dungeon (2/15)

Altars:

Shops:
D:1 (


Message History

The hobgoblin hits you but does no damage.
You hit the hobgoblin. You freeze the hobgoblin.
You kill the hobgoblin!
The gnoll hits you from afar with a +0 spear.
A frilled lizard comes into view.
The frilled lizard hisses angrily.
You hear an angry hiss.
The adder bites you but does no damage. The gnoll hits you with a +0 spear.
The frilled lizard moves out of view.
You see here a hobgoblin corpse.
You hit the adder.
The adder goes berserk!
The adder is lightly wounded.
You closely miss the gnoll. The adder bites you. The adder barely misses you.
The gnoll hits you with a +0 spear.
You hit the adder. You burn the adder.
The adder is moderately wounded.
You hit the gnoll. The adder bites you.
A ball python comes into view.
The adder bites you. The gnoll hits you with a +0 spear.
The ball python hisses angrily.
You hit the adder.
The adder flickers and vanishes!
Deactivating autopickup; reactivate with Ctrl-A.
You closely miss the gnoll.
A bat comes into view.
Something bites you but does no damage. Something bites you.
The gnoll hits you with a +0 spear. The dart slug launches a dart at you.
The slug dart hits you but does no damage.
You hit the gnoll but do no damage.
The gnoll is lightly wounded.
You barely miss something.
Something bites you but does no damage. x2; The gnoll barely misses you.
Something bites you.
You closely miss the gnoll.
The gnoll is lightly wounded.
You miss something. Something completely misses you.
The gnoll hits you with a +0 spear. Something bites you.
You die...

####.#### # ## #.....#
####. #.....# ###....
#.)...#
#...#.##########.....# #
##.##.................# #
#......!.###.........># #
#........w.###..#.....# #
#...##...@{S..##.#.)...###
. #..###g....#..######..
#.## b..#.##.###....# #..
?..# .#....).... #.. #:.#
#...##.### #.. $.#
#...##.# # #.. ..#
#......# # ##. .##
#...#### # #. # #..... #


You could see a gnoll, a dart slug, a bat and a ball python.

Vanquished Creatures
  4 ball pythons
  2 bats
  An endoplasm (D:1)
  A giant cockroach (D:1)
  8 goblins
  3 hobgoblins
  2 quokkas
  4 frilled lizards (D:1)
  5 kobolds
  2 rats
32 creatures vanquished.

Notes
Turn   | Place    | Note
-------+----------+-------------------------------------------
     0 | D:1      | qw the Barachi Chaos Knight began the quest for the Orb.
     0 | D:1      | Reached XP level 1. HP: 18/18 MP: 1/1
     0 | D:1      | 0 ||| qw: Version: 0.1-a-108-g9e35731
     0 | D:1      | 0 ||| qw: Game counter: 6314
     0 | D:1      | 0 ||| qw: Always use a shield: true
     0 | D:1      | 0 ||| qw: God list: Okawaru
     0 | D:1      | 0 ||| qw: Allow faded altars: false
     0 | D:1      | 0 ||| qw: Do Orc after D:15 true
     0 | D:1      | 0 ||| qw: Do second Lair branch before Depths: true
     0 | D:1      | 0 ||| qw: Lair rune preference: random
     0 | D:1      | 0 ||| qw: Plans: Normal
     0 | D:1      | 0 ||| PLANNING D:1-11
     0 | D:1      | Fell from the grace of Xom
   105 | D:1      | Found Jotumy's Weapon Shoppe.
   111 | D:1      | 111 ||| SHOPLISTING +0 whip (35 gold, have 0).
   111 | D:1      | 111 ||| SHOPLISTING +1 hand axe of freezing (173 gold, have
                  | 0).
   168 | D:1      | XOM: blink monster(s)
   286 | D:1      | 286 ||| Stepping ~*~*~tactically~*~*~ (stealth).
   287 | D:1      | 287 ||| Stepping ~*~*~tactically~*~*~ (stealth).
   371 | D:1      | Reached XP level 2. HP: 17/24 MP: 2/2
   473 | D:1      | Reached skill level 4 in Axes
   601 | D:1      | 601 ||| Stepping ~*~*~tactically~*~*~ (stealth).
   939 | D:1      | 939 ||| Stepping ~*~*~tactically~*~*~ (stealth).
  1086 | D:1      | Reached XP level 3. HP: 29/29 MP: 3/3
  1403 | D:1      | 1403 ||| READING scroll labelled KAGAHO MAPLEPP.
  1404 | D:1      | 1404 ||| READING scroll labelled SUOVAL UCHIW.
  1447 | D:2      | 1447 ||| Stepping ~*~*~tactically~*~*~ (stealth).
  1453 | D:2      | 1453 ||| Stepping ~*~*~tactically~*~*~ (stealth).
  1458 | D:2      | 1458 ||| Stepping ~*~*~tactically~*~*~ (stealth).
  1460 | D:2      | 1460 ||| Stepping ~*~*~tactically~*~*~ (stealth).
  1465 | D:2      | XOM: 5-stop teleportation journey
  1523 | D:2      | 1523 ||| Stepping ~*~*~tactically~*~*~ (stealth).
  1524 | D:2      | 1524 ||| Stepping ~*~*~tactically~*~*~ (stealth).
  1531 | D:2      | 1531 ||| Stepping ~*~*~tactically~*~*~ (stealth).
  1567 | D:2      | 1567 ||| Stepping ~*~*~tactically~*~*~ (hiding).
  1568 | D:2      | 1568 ||| Stepping ~*~*~tactically~*~*~ (hiding).
  1573 | D:2      | HP: 6/29 [gnoll/+0 spear (3)]
  1575 | D:2      | HP: 1/29 [gnoll/+0 spear (4)]
  1575 | D:2      | Slain by an adder

Levels and vault maps discovered:
D:1:      lightli_arrival_boilingwater, layout_loops_corners, serial_shops,
          nicolae_shop_bloodbath_and_beyond
D:2:      layout_rooms, dreamdust_ecumenical_altar_grove,
          minmay_randomly_rotated_circles, uniq_terence

Skill      XL: |  1  2 |
---------------+-------+-----
Axes           | 4 |  4.8
Fighting       | |  3.6
Armour         | |  2.4
Dodging        | |  1.1

Action                   || total
-------------------------++-------
Melee: Hand axe          ||   106
Invok: Renounce Religion ||     1
  Use: Scroll            ||     2
 Stab: Paralysed         ||     1
Armor: Leather armour    ||    37
Dodge: Dodged            ||    42

Table legend:
 A = Non-vault XP
 B = Vault XP
 C = Vault XP percentage of total XP
 D = Non-vault monster count
 E = Vault monster count
 F = Vault count percentage of total count
                 A         B        C        D         E       F
            +---------+---------+-------+---------+---------+-------
      Total |      49 |       2 |   3.9 |      31 |       1 |   3.1
            +---------+---------+-------+---------+---------+-------
        D:1 |      36 |       0 |   0.0 |      23 |       0 |   0.0
        D:2 |      13 |       2 |  13.3 |       8 |       1 |  11.1
            +---------+---------+-------+---------+---------+-------
